 Dungeon Crawl Stone Soup version 0.30-a0-793-g160f7cfddd (webtiles) character file.

Game seed: 5212186781193536138

217 Farfigtubin the Sneak (level 6, 0/38 HPs)
             Began as a Kobold Brigand on Feb 19, 2023.
             Succumbed to a killer bee's poison
             ... on level 6 of the Dungeon.
             The game lasted 00:05:38 (866 turns).

Farfigtubin the Sneak (Kobold Brigand)               Turns: 866, Time: 00:05:38

Health: 0/38       AC:  3    Str:  5 (8)  XL:     6   Next: 16%
Magic:  6/6        EV: 14    Int: 10 (12) God:
Gold:   78         SH:  0    Dex: 17 (19) Spells: 5/5 levels left

rFire   . . .      SeeInvis .    a - +2 dagger
rCold   . . .      Faith    .    (no shield)
rNeg    . . .      Spirit   .    b - +0 robe
rPois   .          Reflect  .    (no helmet)
rElec   .          Harm     .    c - +0 cloak
rCorr   .          Rampage  .    (no gloves)
Will    .....                    (no boots)
Stlth   +++++                    (no amulet)
HPRegen 0.26/turn                (no ring)
MPRegen 0.10/turn                (no ring)

@: lethally poisoned (0 -> -5), hasted, very quick
A: small, no large weapons, nightstalker 3
a: no special abilities


You were on level 6 of the Dungeon.
You visited 1 branch of the dungeon, and saw 6 of its levels.

You collected 78 gold pieces.

Inventory:

Hand Weapons
 a - a +2 dagger (weapon)
Missiles
 d - 9 poisoned darts (quivered)
 e - 3 curare-tipped darts
Armour
 b - a +0 robe (worn)
 c - a +0 cloak (worn)
Scrolls
 g - a scroll of immolation {unknown}
 h - a scroll of teleportation {unknown}
 i - a scroll of silence {unknown}
 k - a scroll of brand weapon {unknown}


   Skills:
 + Level 3.7 Fighting
 + Level 4.5 Short Blades
 - Level 2.1 Throwing
 - Level 1.2 Dodging
 * Level 7.8 Stealth


You had 5 spell levels left.
You didn't know any spells.
Your spell library was empty.

Dungeon Overview and Level Annotations

Branches:
Dungeon (6/15)
 Temple: D:4-7

Altars:
Cheibriados
Ru
Wu Jian


Innate Abilities, Weirdness & Mutations

You are small and have problems with some larger weapons.
You are completely attuned to the shadows.


Message History

The killer bee barely misses you. The killer bee stings you.
The killer bee stings you.
You are poisoned.
The killer bee poisons you!
The killer bee attacks as you move away!
The killer bee closely misses you.
You feel very sick. The killer bee stings you.
You hit the killer bee.
The killer bee is lightly wounded.
You feel sick. The killer bee closely misses you. x2
You hit the killer bee.
The killer bee is lightly wounded.
You feel sick. The killer bee closely misses you. The killer bee stings you.
* * * LOW HITPOINT WARNING * * *
You hit the killer bee.
The killer bee is heavily wounded.
You feel sick. The killer bee misses you.
You hit the killer bee but do no damage.
The killer bee is heavily wounded.
You feel sick.
The killer bee stings you but does no damage.
The killer bee stings you.
* * * LOW HITPOINT WARNING * * *
You are more poisoned.
The killer bee poisons you!
You closely miss the killer bee.
The killer bee is heavily wounded.
* * * LOW HITPOINT WARNING * * *
You feel sick. The killer bee closely misses you.
It was a potion of haste.
You feel yourself speed up.
* * * LOW HITPOINT WARNING * * *
You feel sick. The killer bee stings you.
* * * LOW HITPOINT WARNING * * *
The killer bee closely misses you.
It was a potion of degeneration.
There was something very wrong with that liquid.
You feel weakened.
You feel dopey.
You feel clumsy.
You die...

............#......
....##......#...###
######......#...#...
#.....##...#...
##.....##...#.._$.'..
#......##...#.....#...
#...........#$$...#....
#...........#######.....
#...........@y..........
+############....#..........
....##.....##....#..........
....#....^.#.....#...##.....
..†.#......'.....#...##.....
....#......##...##...##.....
....'......##...## #...yy
....#########....# ......
....##.....##....#


You could see a killer bee.

Vanquished Creatures
  A scorpion (D:5)
  A necrophage (D:6)
  A jelly (D:6)
  An orc priest (D:3)
  An orc wizard (D:3)
  2 dart slugs
  2 orcs (D:3)
  2 bats
  2 giant cockroaches (D:3)
  A goblin (D:1)
  A hobgoblin (D:3)
  2 quokkas
  2 frilled lizards
19 creatures vanquished.

Vanquished Creatures (others)
  2 plants (D:5)
2 creatures vanquished.

Grand Total: 21 creatures vanquished

Notes
Turn   | Place    | Note
-------+----------+-------------------------------------------
     0 | D:1      | Farfigtubin the Kobold Brigand began the quest for the Orb.
     0 | D:1      | Reached XP level 1. HP: 12/12 MP: 1/1
   104 | D:3      | Found a snail-covered altar of Cheibriados.
   110 | D:3      | Reached XP level 2. HP: 18/18 MP: 2/2
   123 | D:3      | Found a sacrificial altar of Ru.
   147 | D:3      | Reached skill level 6 in Stealth
   147 | D:3      | Reached XP level 3. HP: 9/22 MP: 3/3
   203 | D:3      | Reached XP level 4. HP: 23/28 MP: 4/4
   326 | D:3      | Identified the +8 dagger "Icyfogo" {venom, *Noise rPois
                  | Str+5 SInv}
   442 | D:5      | Entered Level 5 of the Dungeon
   518 | D:5      | Noticed a scorpion
   521 | D:5      | Killed a scorpion
   522 | D:5      | Reached skill level 7 in Stealth
   522 | D:5      | Reached XP level 5. HP: 32/32 MP: 5/5
   628 | D:6      | Reached XP level 6. HP: 15/38 MP: 6/6
   843 | D:6      | Found an ornate altar of the Wu Jian Council.
   865 | D:6      | HP: 1/38 [killer bee (5)]
   866 | D:6      | Succumbed to a killer bee's poison

Illustrated notes

Levels and vault maps discovered:
D:1:      elethiomel_arrival_infinity_welcomes_careful_drivers, layout_rooms,
          minmay_tromino_v4_b
D:2:      layout_loops_cross, basic_altar, st_stairs_13
D:3:      layout_loops_ring, nicolae_ru_great_annihilating_truth,
          kennysheep_slug_shrine
D:4:      layout_loops_ring, nicolae_hepliaklqana_hazy_memory,
          chequers_ossuary_entry_cave
D:5:      nicolae_cairo_tiling_large, layout_basic,
          mainiacjoe_overflow_chevrons, nicolae_qazlal_style_of_elements,
          chequers_big_river, serial_park_tiny_2, grunt_ministairs_15
D:6:      layout_gridville, general_overflow_altar, nicolae_ashenzari_skybound,
          amcnicky_altar_gilded, uniq_grinder

Skill      XL: |  1  2  3  4 |
---------------+-------------+-----
Short Blades   | 3 4 |  4.5
Stealth        | 6 7 |  7.8
Fighting       | 3 |  3.7
Throwing       | |  2.1
Dodging        | |  1.2

Action                     |  1- 3 |  4- 6 || total
---------------------------+-------+-------++-------
  Melee: Dagger            |    33 |    39 ||    72
         Punch             |     1 |       ||     1
    Use: Potion            |       |     2 ||     2
   Stab: Sleeping          |     2 |     7 ||     9
         Invisible         |     1 |       ||     1
         Paralysed         |     1 |       ||     1
 Armour: Robe              |     8 |     3 ||    11
  Dodge: Dodged            |    22 |    23 ||    45

Table legend: (Time is in decaauts)
 A = Elapsed time spent in this place.
 B = Non-inter-level travel time spent in this place.
 C = Inter-level travel time spent in this place.
 D = Time resting spent in this place.
 E = Time spent auto-exploring this place.
 F = Levels seen in this place.
 G = Mean time per level.
                   A        B        C        D        E       F      G
               +--------+--------+--------+--------+--------+-----+--------+
         Total |    856 |    856 |      0 |    128 |     84 |   6 |  142.7 |
       Dungeon |    856 |    856 |      0 |    128 |     84 |   6 |  142.7 |
               +--------+--------+--------+--------+--------+-----+--------+

Top non-repeatable levels by time:
     D:3: 337 daAuts
     D:6: 304 daAuts
     D:5: 114 daAuts
     D:1: 89 daAuts
     D:4: 5 daAuts
     D:2: 5 daAuts
